 Dungeon Crawl Stone Soup version 0.31.0-9-g3a7656b989 (webtiles) character file.

Game seed: 2424566489936584336

9 Colgate the Poker (level 2, 24/24 HPs)
             Began as a Demonspawn Cinder Acolyte on Jan 30, 2024.
             Was a High Priest of Ignis.
             Quit the game on level 1 of the Dungeon.
             The game lasted 00:00:18 (277 turns).

Colgate the Poker (Demonspawn Cinder Acolyte)        Turns: 277, Time: 00:00:19

Health: 24/24      AC:  2    Str: 14    XL:     2   Next: 3%
Magic:  3/3        EV: 11    Int: 14    God:    Ignis [*****.]
Gold:   16         SH:  0    Dex:  8    Spells: 3/3 levels left

rFire   + . .        a - -1 spear (flame)
rCold   . . .        (no shield)
rNeg    . . .        b - +0 robe
rPois   .            (no helmet)
rElec   .            (no cloak)
rCorr   .            (no gloves)
SInv    .            (no boots)
Will    .....        (no amulet)
Stlth   +            (no ring)
HPRegen 0.24/turn    (no ring)
MPRegen 0.08/turn

%: no passive effects
@: no status effects
A: ignite blood 1
a: Renounce Religion, Fiery Armour, Foxfire Swarm, Rising Flame


You were on level 1 of the Dungeon.
You worshipped Ignis.
Ignis was extremely pleased with you.
You visited 1 branch of the dungeon, and saw 1 of its levels.

You collected 16 gold pieces.

Inventory:

Hand Weapons
 a - a -1 spear of flaming (weapon)
Armour
 b - a +0 robe (worn)
Scrolls
 c - a scroll of revelation {unknown}
 d - a scroll of vulnerability {unknown}
 e - a scroll of summoning {unknown}
 f - a scroll of brand weapon {unknown}
 h - a scroll of identify {unknown}
Potions
 g - a potion of degeneration {unknown}


   Skills:
 - Level 3.0 Fighting
 + Level 3.2 Polearms
 - Level 1.0 Spellcasting
 - Level 2.6 Fire Magic


You had 3 spell levels left.
You didn't know any spells.
Your spell library contained the following spells:

 Spells                   Type           Power      Damage    Failure   Level
 Scorch                   Fire           16%        2d5       13%         2


Dungeon Overview and Level Annotations

Branches:
Dungeon (1/15)

Altars:


Innate Abilities, Weirdness & Mutations

Your demonic aura sometimes causes spilled blood to erupt in flames.


Message History

Key pressed, stopping explore.
No target in view!
h - a scroll labelled PIDODD SUASTAS No target in view!
Key pressed, stopping explore.
No target in view!
Key pressed, stopping explore.
No target in view!
Key pressed, stopping explore.
No target in view!
Key pressed, stopping explore.
No target in view!
Key pressed, stopping explore.
No target in view!
Key pressed, stopping explore.
No target in view!
Key pressed, stopping explore.
No target in view!
Key pressed, stopping explore.
No target in view!
A jackal comes into view.
The jackal barks!
A jackal comes into view.
A jackal comes into view.
The jackal barks!
You hear a loud squeak.
There are monsters nearby!
A rat comes into view.
The rat squeaks loudly.
There are monsters nearby!
You barely miss the jackal. The jackal barely misses you.
The jackal bites you but does no damage.
There are monsters nearby!
You hit the jackal. You burn the jackal. The jackal completely misses you.
There are monsters nearby!
You hit the jackal. You burn the jackal.
You kill the jackal!
You have reached level 2!
Your demonic ancestry asserts itself...
Your blood heats up.
Are you sure you want to abandon this character and quit the game? (Confirm with "yes".)

#.# #.# #.# #.#
#.# #.# #.# #.#
#.#######.#
#.........#
#.###.#####
.########.###.#
....rhh@......#
#.#############


You could see 2 jackals and a rat.

Vanquished Creatures
  A dart slug (D:1)
  A giant cockroach (D:1)
  A hobgoblin (D:1)
  A jackal (D:1)
  2 kobolds (D:1)
6 creatures vanquished.

Notes
Turn   | Place    | Note
-------+----------+-------------------------------------------
     0 | D:1      | Colgate the Demonspawn Cinder Acolyte began the quest for
                  | the Orb.
     0 | D:1      | Reached XP level 1. HP: 18/18 MP: 2/2
   277 | D:1      | Gained mutation: Your demonic aura sometimes causes spilled
                  | blood to erupt in flames. [demonic ancestry]
   277 | D:1      | Reached XP level 2. HP: 24/24 MP: 3/3
   277 | D:1      | Quit the game

Illustrated notes

Levels and vault maps discovered:
D:1:      heliophobic_arrival_ceremonial_halls, layout_loops_ring

Skill      XL: |  1 |
---------------+----+-----
Polearms       | 3 |  3.2
Fighting       | |  3.0
Spellcasting   | |  1.0
Fire Magic     | |  2.6

Action                     || total
---------------------------++-------
  Melee: Spear             ||    20
 Armour: Robe              ||     9
  Dodge: Dodged            ||    11
